Map: Dusk Towers

Players

Seither

  • Race: Terran Terran
  • League: Master

DemiLove (Demi) - Winner!

  • Race: Zerg Zerg

VOD

Have the link to the VOD?

Description

Time

  • Played on: Dec. 7, 2015, 7:42 a.m.
  • Length: 12:48
Show
View Real Time Build Order
Export as new Build Order

Seither Terran 

Build Orders: Reaper Expand, MMM Bio 

Get SALT Encoding   

  12  0:00  SCV  
  13  0:12  SCV  
  14  0:17  Supply Depot  
  14  0:24  SCV  
  15  0:39  SCV  
  15  0:40  Barracks  
  16  0:44  Refinery  
  16  0:51  SCV  
  17  1:03  SCV  
  18  1:15  SCV  
  19  1:28  Orbital Command  
  19  1:29  Reaper  
  20  1:40  Command Center  
  20  1:49  Supply Depot  
  20  1:53  SCV  
  21  2:00  Refinery  
  21  2:01  Reaper  
  22  2:06  SCV  
  23  2:18  SCV  
  23  2:22  Factory  
  24  2:30  SCV  
  24  2:35  Barracks Reactor  
  25  2:42  SCV  
  26  2:53  Orbital Command  
  26  2:54  SCV  
  27  3:06  SCV  
  27  3:08  Starport  
  28  3:18  SCV  
  29  3:20  SCV  
  29  3:23  Hellion  
  29  3:24  Supply Depot, Hellion  
  29  3:25  Barracks Reactor  
  34  3:31  SCV  
  35  3:37  SCV  
  36  3:42  Supply Depot, Armory  
  36  3:45  SCV, Hellion x2  
  41  3:49  SCV  
  42  3:57  SCV  
  42  4:01  SCV  
  44  4:06  Hellion x2  
  44  4:09  SCV  
  49  4:11  Medivac x2  
  49  4:13  SCV  
  49  4:14  Supply Depot  
  49  4:15  Marine  
  55  4:21  SCV  
  55  4:23  Supply Depot  
  56  4:25  SCV  
  56  4:28  Hellion x2  
  60  4:33  SCV  
  60  4:38  SCV  
  62  4:41  Barracks Tech Lab  
  62  4:45  SCV  
  62  4:50  SCV  
  64  4:54  Command Center  
  64  5:08  SCV  
  64  5:09  SCV  
  64  5:10  Refinery  
  64  5:11  Barracks, Starport Reactor  
  66  5:14  Barracks Tech Lab, Barracks  
  66  5:16  Siege Tank  
  66  5:20  SCV  
  66  5:21  SCV, Refinery  
  71  5:22  Engineering Bay  
  71  5:24  Engineering Bay  
  71  5:33  SCV x2  
  72  5:41  Marine  
  72  5:42  Stimpack  
  73  5:46  SCV x2  
  73  5:47  Barracks  
  75  5:50  Barracks  
  75  5:52  Siege Tank  
  78  5:59  Terran Infantry Weapons Level 1, Terran Infantry Armor Level 1, Supply Depot  
  78  6:03  Starport Reactor  
  78  6:05  Marine  
  78  6:10  Orbital Command  
  79  6:17  Marine x2  
  79  6:18  Marine x2  
  83  6:22  SCV x2  
  83  6:23  Marine  
  83  6:25  Siege Tank  
  89  6:35  Marine x2  
  89  6:38  Marine x2  
  88  6:41  Marine x2  
  88  6:43  Medivac x2  
  92  6:53  Marine x3  
  92  6:54  Marine  
  87  6:56  Marine  
  87  6:57  Siege Tank  
  75  7:01  Marine  
  75  7:02  Marine  
  66  7:10  SCV x2  
  66  7:12  Marine  
  66  7:13  Orbital Command, Medivac x2, Marine  
  60  7:15  Marine  
  60  7:16  Marine x2  
  60  7:20  Marine x2  
  60  7:21  Marine  
  47  7:35  Marine  
  32  7:56  Marine  
  32  7:57  Marine x2  
  32  8:04  Marine  
  23  8:21  Marine x2  
  23  8:23  Marine  
  25  8:33  Marine  
  24  8:35  Marine  
  25  8:45  Marine  
  25  8:48  SCV  
  27  8:57  Barracks Tech Lab  
  27  9:00  Combat Shields  
  27  9:03  SCV  
  27  9:06  SCV  
  29  9:11  Marine  
  29  9:14  SCV  
  29  9:16  Marine  
  32  9:22  SCV  
  32  9:23  Marine  
  34  9:28  Marine  
  34  9:30  Marine x2  
  37  9:41  Marine x2  
  39  9:46  SCV x2  
  41  9:53  Marine x3  
  41  9:58  Marine x2  
  41  9:59  Marine  
  47  10:07  Supply Depot  
  47  10:08  Marine  
  47  10:11  SCV  
  49  10:15  Marine  
  50  10:22  Marine x2  
  50  10:23  Marine  
  53  10:33  Marine x2  
  55  10:42  Siege Tank  
  58  10:44  SCV  
  58  10:47  Marine  
  60  10:59  Marine  
  59  11:06  Marine x2  
  59  11:10  SCV x2  
  62  11:15  SCV, Marine  
  62  11:16  Marine x2  
  59  11:22  SCV  
  60  11:26  Marine x2  
  60  11:29  SCV x2  
  64  11:33  Marine x2  
  64  11:38  SCV  
  59  11:41  SCV x2  
  60  11:49  Marine x3  
  60  11:50  Widow Mine  
  60  11:51  SCV  
  60  11:53  SCV  
  67  12:00  Marine x2  
  69  12:07  Marine x2  
  71  12:09  Marine x3  
  74  12:16  SCV  
  74  12:17  SCV x2  
  74  12:21  Marine x2  
  78  12:25  Marine x2  
  78  12:28  SCV  
  78  12:29  SCV  
Show
View Real Time Build Order
Export as new Build Order

DemiLove Zerg - Winner!

Build Orders: Hatch First 

Get SALT Encoding   

  12  0:01  Drone  
  13  0:12  Overlord  
  13  0:18  Drone  
  14  0:32  Drone x2  
  17  0:35  Drone  
  17  0:53  Hatchery  
  17  0:56  Drone  
  17  0:58  Extractor  
  17  1:01  Drone  
  17  1:16  Spawning Pool  
  17  1:18  Drone  
  17  1:23  Drone  
  18  1:29  Drone  
  19  1:40  Overlord  
  19  2:02  Metabolic Boost  
  19  2:03  Queen  
  19  2:06  Queen  
  19  2:07  Zergling x4  
  25  2:10  Drone  
  25  2:14  Drone  
  27  2:19  Drone  
  28  2:23  Drone  
  28  2:28  Drone  
  30  2:33  Drone  
  31  2:39  Queen  
  33  2:44  Overlord  
  33  2:49  Overlord  
  33  2:52  Drone  
  33  2:55  Overlord  
  34  2:59  Zergling x2  
  35  3:09  Drone  
  36  3:14  Drone x4  
  36  3:19  Drone  
  42  3:20  Drone x2  
  43  3:33  Drone x3  
  45  3:44  Roach Warren  
  45  3:45  Zergling x2  
  45  3:48  Extractor  
  45  3:52  Hatchery, Zergling x6  
  45  3:55  Queen  
  47  3:58  Drone x4  
  51  4:03  Extractor x2  
  49  4:10  Overlord x2  
  49  4:19  Drone x3  
  52  4:37  Roach x7  
  66  4:43  Spore Crawler  
  66  4:45  Spore Crawler  
  64  4:49  Overlord  
  64  4:52  Roach  
  66  5:04  Roach, Zergling x2  
  66  5:05  Zergling x8  
  66  5:06  Queen  
  75  5:24  Zergling x10  
  75  5:25  Zergling x2  
  81  5:46  Overlord x3  
  81  5:47  Overlord x5  
  81  6:05  Overlord  
  81  6:10  Ravager x3  
  81  6:11  Ravager x5  
  89  6:16  Ravager  
  89  6:17  Zergling x4  
  89  6:18  Zergling x24  
  104  6:24  Zergling x6  
  104  6:25  Zergling x2  
  102  6:59  Zergling x2  
  102  7:00  Zergling x28  
  102  7:13  Zergling x2  
  102  7:14  Zergling x8  
  87  7:26  Zergling x6  
  90  7:33  Zergling x2  
  80  7:42  Drone x2  
  80  7:43  Drone x4  
  76  7:57  Drone x5  
  79  8:04  Evolution Chamber  
  79  8:05  Evolution Chamber, Drone  
  76  8:08  Drone x3  
  76  8:09  Drone x4  
  81  8:13  Lair  
  81  8:14  Hatchery  
  81  8:19  Drone x3  
  78  8:25  Extractor  
  73  8:31  Drone x4, Extractor  
  73  8:32  Drone, Extractor  
  76  8:36  Zerg Ground Armor Level 1, Zerg Melee Weapons Level 1  
  76  8:37  Drone x3  
  76  8:48  Drone x3  
  75  8:49  Drone x2  
  75  8:55  Roach x4  
  86  8:58  Roach  
  86  9:00  Pneumatized Carapace  
  88  9:04  Hatchery  
  87  9:14  Spire, Roach x5  
  96  9:27  Glial Reconstitution  
  96  9:29  Ravager x4  
  100  9:31  Ravager  
  100  9:34  Roach x6  
  100  9:35  Roach x2  
  118  9:43  Spore Crawler  
  118  9:44  Spore Crawler  
  115  9:54  Hatchery  
  114  10:02  Drone  
  114  10:03  Drone x10  
  114  10:06  Drone  
  127  10:07  Drone x3  
  127  10:13  Extractor  
  128  10:19  Extractor  
  122  10:40  Mutalisk  
  122  10:41  Mutalisk x10  
  144  10:46  Overlord x5  
  144  10:47  Overlord x3  
  144  10:53  Zerg Flyer Weapons Level 1  
  140  11:10  Drone x2  
  140  11:15  Mutalisk x3  
  140  11:16  Mutalisk  
  146  11:22  Roach  
  146  11:23  Roach x6  
  160  11:27  Queen  
  162  11:42  Roach x8  
  176  11:48  Roach x3  
  180  11:56  Zergling x10  
  180  11:57  Zergling x4  
  180  11:59  Ravager x2  
  180  12:00  Ravager x5  
  194  12:03  Zergling x4  
  194  12:04  Zergling x2  
  194  12:05  Zergling x2  
  198  12:13  Mutalisk x2  
  198  12:14  Mutalisk  
  198  12:20  Zergling x2  
  198  12:21  Zergling x2  
  200  12:24  Hatchery  
Tags
 
Add a new tag
Caveats
  • Supply blocks, unpowered buildings, or Contaminate may cause inaccurate times.
  • Supply counts are checked every 10 seconds.